 Dungeon Crawl Stone Soup version 0.19-a0-347-g6bb00b2 (webtiles) character file.

66 wvc the Skirmisher (level 3, -1/28 HPs)
             Began as a Demonspawn Wanderer on May 29, 2016.
             Slain by a jackal (3 damage)
             ... on level 2 of the Dungeon.
             The game lasted 00:03:09 (1210 turns).

wvc the Skirmisher (Demonspawn Wanderer)            Turns: 1210, Time: 00:03:10

Health: -1/28      AC:  5    Str: 12    XL:     3   Next: 96%
Magic:  3/3        EV: 11    Int: 13    God:
Gold:   56         SH:  0    Dex: 13    Spells: 0 memorised, 2 levels left

rFire  . . .     SeeInvis .     q - +0 whip
rCold  . . .     Gourm    .     o - +0 leather armour (curse)
rNeg   . . .     Faith    .     (no shield)
rPois  .         Spirit   .     (helmet restricted)
rElec  .         Dismiss  .     t - +1 cloak
rCorr  .         Reflect  .     (no gloves)
SustAt .         Harm     .     (no boots)
MR     +....                    (no amulet)
Stlth  +.........               (no ring)
                                n - ring of protection from magic

@: somewhat resistant to hostile enchantments, very unstealthy
A: antennae 1
a: no special abilities


You were on level 2 of the Dungeon.
You were not hungry.

You visited 1 branch of the dungeon, and saw 2 of its levels.

You collected 56 gold pieces.

Inventory:

Hand Weapons
 b - a +0 shortbow
 q - a +0 whip (weapon)
Missiles
 c - 19 arrows
 m - 8 curare-tipped needles
Armour
 o - a cursed +0 leather armour (worn)
 t - a +1 cloak (worn)
Jewellery
 n - a ring of protection from magic (left hand)
Scrolls
 g - a scroll of magic mapping {unknown}
 h - 3 scrolls of teleportation {unknown}
 i - 2 scrolls of recharging {unknown}
 p - a scroll of fear {unknown}
 s - 2 scrolls of identify {unknown}
Potions
 a - a potion of lignification {unknown}
 d - 2 potions of curing
 e - a potion of flight {unknown}
 j - 2 potions of degeneration {unknown}
 l - 3 potions of haste {unknown}
Comestibles
 f - 2 bread rations
 k - a meat ration
 r - a slice of pizza


   Skills:
 - Level 2.4 Fighting
   Level 1.7(2.3) Axes
 + Level 2.1(2.5) Maces & Flails
 - Level 1.7 Armour
 - Level 1.0 Dodging
 - Level 1.0 Stealth
   Level 1.0 Charms
   Level 1.7 Earth Magic
   Level 1.0 Evocations


You had 2 spell levels left.
You didn't know any spells.

Dungeon Overview and Level Annotations

Branches:
Dungeon (2/15)

Altars:
Qazlal
Trog
Xom


Innate Abilities, Weirdness & Mutations

You have a pair of small antennae on your head.


Message History

The jackal bites you.
* * * LOW HITPOINT WARNING * * *
The gnoll barely misses you. The jackal bites you.
* * * LOW HITPOINT WARNING * * *
You barely miss the gnoll.
The gnoll is severely wounded.
The jackal bites you but does no damage.
The gnoll hits you but does no damage.
You barely miss the gnoll.
The gnoll is severely wounded.
The jackal barely misses you. The gnoll closely misses you.
The jackal closely misses you.
You hit the gnoll.
You kill the gnoll!
Your Maces & Flails skill increases to level 2!
The jackal bites you but does no damage.
A jackal comes into view.
You see here a flail.
The jackal bites you.
You die...

### ###.......#####.#
######.)..._.........#
.......#.......#######
#########.....##
##...### ##.##.#
#...># ##...#########
#...h@......#
#.<########.# #..#
.h..# ######


You could see a jackal.

Vanquished Creatures
  2 gnolls (D:2)
  An adder (D:2)
  4 dart slugs
  A giant gecko (D:1)
  A bat zombie (D:1)
  3 giant cockroaches
  3 goblins
  5 hobgoblins
  2 jackals (D:2)
  2 bats (D:2)
  A giant cockroach zombie (D:1)
  3 kobolds (D:2)
  A rat (D:2)
29 creatures vanquished.

Notes
Turn   | Place    | Note
--------------------------------------------------------------
     0 | D:1      | wvc the Demonspawn Wanderer began the quest for the Orb.
     0 | D:1      | wvc set off with: a +2 scale mail, a +0 shortbow, 26 arrows, a potion of curing, a bread ration
     0 | D:1      | Reached XP level 1. HP: 15/15 MP: 1/1
   172 | D:1      | Gained mutation: You have a pair of small antennae on your head. [demonic ancestry]
   172 | D:1      | Reached XP level 2. HP: 22/22 MP: 2/2
   485 | D:2      | Reached skill level 1 in Dodging
   779 | D:2      | Found a bloodstained altar of Trog.
   801 | D:2      | Reached XP level 3. HP: 28/28 MP: 3/3
   873 | D:2      | Reached skill level 1 in Maces & Flails
  1028 | D:2      | Found a stormy altar of Qazlal.
  1074 | D:2      | Found a shimmering altar of Xom.
  1210 | D:2      | Slain by a jackal

Vault maps used:
D:1:      saegor_arrival_fortress, serial_bayou_pond_e
D:2:      bloody_trog, lemuel_round_altar, lemuel_round_altar,
          yredelemnul_forgotten_temple_becter, grunt_qazlal_sundering,
          first_bread

Skill      XL: |  1  2  3 |
---------------+----------+-----
Fighting       | 2 |  2.4
Dodging        | 1 |  1.0
Maces & Flails | 2 |  2.1
Axes           | |  1.7
Armour         | |  1.7
Stealth        | |  1.0
Charms         | |  1.0
Earth Magic    | |  1.7
Evocations     | |  1.0

Action                   || total
-------------------------++-------
Melee: Whip              ||    84
 Fire: Shortbow          ||    42
  Eat: Chunk             ||     1
Armor: Scale mail        ||    11
       Leather armour    ||    28
Dodge: Dodged            ||    67
